Map: Cyber Forest LE

Players

Woah

  • Race: Terran Terran
  • Spawn Location: 5:00

RockSpider - Winner!

  • Race: Zerg Zerg
  • League: Platinum
  • Spawn Location: 11:00

VOD

Have the link to the VOD?

Description

Time

  • Played on: June 14, 2019, 1:54 p.m.
  • Length: 20:32
Show
View Real Time Build Order
Export as new Build Order

Woah Terran 

Build Orders: Reaper Expand 

Get SALT Encoding   

  12  0:01  SCV  
  13  0:13  SCV  
  14  0:17  Supply Depot  
  14  0:25  SCV  
  15  0:40  SCV  
  15  0:42  Barracks  
  16  0:46  Refinery  
  16  0:53  SCV  
  17  1:05  SCV  
  18  1:17  SCV  
  19  1:30  Orbital Command  
  19  1:31  Reaper  
  20  1:42  Command Center  
  20  1:52  Barracks  
  20  1:56  SCV  
  21  2:06  Barracks Reactor  
  21  2:08  Supply Depot  
  21  2:09  SCV  
  22  2:16  Refinery  
  22  2:25  SCV  
  23  2:37  SCV  
  23  2:38  Factory  
  23  2:41  Barracks Tech Lab  
  24  2:49  SCV  
  24  3:09  Orbital Command, Marine  
  24  3:10  Marine  
  25  3:31  Marine x2  
  25  3:32  Factory Tech Lab  
  25  3:33  Starport  
  27  3:36  Stimpack  
  27  3:39  SCV  
  27  3:40  SCV  
  29  3:51  SCV  
  29  3:52  Marine  
  29  3:53  Siege Tank, Marine  
  35  3:58  Bunker  
  35  4:07  Bunker  
  34  4:27  Engineering Bay  
  34  4:30  Engineering Bay  
  34  4:33  SCV x2  
  34  4:34  Marine x3  
  39  4:52  Marine  
  40  4:53  Viking  
  40  4:54  Siege Tank  
  40  4:55  Marine  
  40  4:58  Supply Depot  
  46  5:04  Supply Depot  
  46  5:05  Terran Infantry Weapons Level 1  
  46  5:07  Terran Infantry Armor Level 1  
  46  5:14  Supply Depot  
  46  5:19  SCV x2, Marine  
  49  5:31  SCV x2  
  49  5:32  Starport Reactor  
  51  5:43  SCV x2, Combat Shield  
  53  5:55  Marine x2  
  53  5:56  SCV  
  56  5:57  Command Center, Marine  
  56  6:03  Supply Depot  
  57  6:05  SCV  
  57  6:08  Medivac  
  60  6:12  Medivac  
  60  6:14  Marine x2  
  64  6:23  Armory  
  64  6:24  SCV x2  
  66  6:49  Barracks  
  66  6:50  Barracks x2  
  66  6:51  Barracks  
  66  6:56  Marine x3  
  66  7:00  SCV  
  70  7:03  SCV  
  70  7:08  Refinery  
  71  7:09  Refinery  
  71  7:24  Orbital Command  
  71  7:27  Terran Infantry Weapons Level 2, Supply Depot  
  71  7:28  Terran Infantry Armor Level 2  
  60  7:48  Marine  
  60  7:49  Marine  
  60  7:50  Barracks Reactor x3  
  60  7:53  Barracks Tech Lab  
  60  8:06  Marine x2  
  60  8:07  Siege Tank  
  60  8:11  Marauder  
  66  8:14  Marauder  
  69  8:20  SCV  
  69  8:23  Orbital Command, Supply Depot  
  69  8:24  Marine x2, Supply Depot  
  72  8:35  Marine  
  72  8:39  Siege Tank  
  75  8:46  Marine x2  
  75  8:47  Marine x2  
  79  8:53  Marauder  
  81  8:55  Raven  
  81  8:59  SCV x3, Starport  
  81  9:01  Marine x2  
  88  9:04  Barracks Reactor  
  88  9:11  SCV x3  
  88  9:14  Marine x2  
  88  9:15  Marauder, Marine x4  
  99  9:18  Marine  
  99  9:19  Marine  
  99  9:22  Bunker  
  99  9:23  Siege Tank  
  104  9:25  SCV x2  
  104  9:28  SCV  
  107  9:32  Marine  
  107  9:36  Marine x3  
  107  9:37  Marine x3  
  107  9:38  Marauder  
  109  10:10  Missile Turret  
  109  10:13  Missile Turret  
  96  10:15  Missile Turret x2  
  96  10:16  Missile Turret x2  
  96  10:18  Missile Turret  
  96  10:19  Marine  
  96  10:20  Thor, Marine x10  
  113  10:25  Missile Turret  
  113  10:37  Marine x3  
  113  10:38  Terran Infantry Weapons Level 3  
  113  10:42  Terran Infantry Armor Level 3  
  100  11:14  Supply Depot  
  100  11:23  Marine  
  101  11:34  Marauder  
  101  11:36  Marine x8  
  101  11:38  Marine  
  108  11:40  Medivac  
  108  11:43  Marine  
  109  12:03  Medivac  
  109  12:04  Marine x2  
  109  12:11  Medivac, Marine x4  
  109  12:12  Marine  
  109  12:14  Marauder  
  81  12:25  Thor  
  81  12:26  Marine x4  
  81  12:27  Marine  
  92  12:35  Marauder, Medivac x2, Command Center  
  98  12:41  Medivac  
  99  12:57  Marauder  
  89  13:08  Marine x4  
  89  13:09  Marine x6  
  93  13:17  Supply Depot  
  93  13:18  Marauder  
  96  13:20  SCV x3  
  96  13:21  Supply Depot  
  96  13:26  Marine x3  
  101  13:32  SCV x3  
  101  13:33  Bunker  
  104  13:39  Marauder  
  106  13:41  Supply Depot x2  
  106  13:44  SCV x3  
  109  13:54  Ghost Academy  
  109  13:56  SCV x3  
  109  13:58  Barracks  
  109  14:01  Barracks  
  112  14:07  Marine x6  
  112  14:08  SCV x3  
  114  14:20  SCV x2  
  107  14:42  Orbital Command  
  107  14:52  Orbital Command  
  77  15:34  Marine x11  
  79  15:40  Marine  
  75  15:44  Missile Turret  
  75  15:45  Missile Turret  
  75  15:46  Missile Turret  
  75  15:51  Marine  
  75  15:52  Marine x10  
  75  15:55  Bunker  
  84  15:58  Marine  
  85  16:05  Sensor Tower  
  85  16:07  Siege Tank  
  85  16:09  Marine x2  
  85  16:10  Marine x5  
  85  16:11  Marauder, Barracks Reactor, Barracks  
  97  16:13  Marine x4  
  97  16:16  SCV x2  
  103  16:21  Barracks Reactor  
  105  16:32  Orbital Command  
  105  16:38  Marine x3  
  105  16:39  Marine x7  
  114  16:43  Ghost  
  114  16:46  Barracks Tech Lab  
  93  16:56  Marine x6  
  99  17:05  Marine  
  99  17:06  Marauder, Marine x3  
  99  17:07  Marine x2  
  107  17:13  Marauder  
  109  17:17  Marine  
  109  17:28  Marauder  
  102  17:34  Marauder  
  70  17:46  Medivac x3  
  70  17:49  Marauder, SCV x2  
  77  17:53  SCV  
  80  17:58  Marine x2  
  80  18:00  Marine x2  
  80  18:01  SCV x2  
  80  18:02  Marine  
  80  18:04  Marine  
  88  18:07  SCV  
  87  18:13  SCV  
  87  18:14  SCV  
  87  18:16  Medivac x3  
  91  18:22  Marine x3  
  91  18:23  Marine  
  91  18:24  Marine x3  
  98  18:31  Missile Turret  
  98  18:40  Marine x3  
  98  18:41  Marine x5  
  103  18:42  Marine  
  103  18:46  Medivac  
  109  19:01  Ghost x2  
  103  19:30  Ghost x2  
  79  19:34  Marine  
  79  19:35  Marine x10  
  71  19:52  Marine  
  71  19:53  Marine x2  
  74  20:02  Marauder, Marine x2  
Show
View Real Time Build Order
Export as new Build Order

RockSpider Zerg - Winner!

Build Orders: Pool First, Muta Ling Bane 

Get SALT Encoding   

  12  0:02  Drone  
  13  0:12  Drone  
  14  0:18  Overlord  
  14  0:24  Extractor, Drone  
  15  0:36  Drone  
  15  0:37  Drone  
  17  0:47  Spawning Pool  
  17  0:49  Drone  
  17  1:12  Hatchery  
  17  1:13  Drone  
  17  1:17  Drone  
  18  1:20  Extractor  
  17  1:26  Overlord  
  17  1:42  Zergling x4  
  17  1:45  Queen  
  21  1:49  Drone  
  22  2:03  Drone  
  23  2:12  Zergling x2  
  24  2:27  Metabolic Boost  
  24  2:32  Drone  
  24  2:33  Drone x2  
  24  2:35  Drone  
  28  2:40  Queen  
  28  2:42  Queen  
  28  2:44  Zergling x2  
  32  2:56  Zergling x2  
  32  2:57  Zergling x4  
  35  3:00  Overlord  
  35  3:01  Overlord  
  35  3:41  Drone x2  
  36  3:50  Drone  
  36  3:51  Drone x3  
  36  3:52  Hatchery  
  39  3:56  Lair  
  39  3:57  Hatchery  
  33  4:19  Zergling x8  
  33  4:20  Drone x4  
  33  4:24  Drone x3  
  44  4:36  Overlord x2  
  44  4:38  Drone  
  45  4:45  Drone  
  45  4:46  Baneling Nest  
  45  4:49  Evolution Chamber  
  45  4:50  Evolution Chamber  
  43  4:58  Zergling x6  
  43  4:59  Drone x3  
  50  5:00  Drone  
  50  5:06  Drone x3  
  53  5:10  Queen  
  55  5:20  Drone x2  
  55  5:21  Drone x3  
  60  5:24  Extractor  
  59  5:30  Centrifical Hooks  
  59  5:31  Zergling x2  
  59  5:32  Zergling x6  
  59  5:33  Baneling x2  
  59  5:34  Baneling  
  63  5:42  Overlord  
  63  5:43  Overlord  
  63  6:00  Drone  
  63  6:01  Spore Crawler, Drone x5, Spine Crawler  
  63  6:02  Zergling x10  
  63  6:03  Zergling x6  
  75  6:08  Extractor, Drone x3  
  77  6:24  Burrow  
  77  6:25  Zergling x6  
  80  6:28  Zergling x4  
  80  6:29  Zergling x10  
  87  6:33  Baneling x6  
  87  6:34  Baneling x5  
  87  6:35  Zergling x2  
  87  6:39  Overlord x2  
  88  6:51  Extractor  
  85  6:58  Zergling x8  
  85  6:59  Zergling x8  
  93  7:04  Baneling x4  
  93  7:06  Zergling x2  
  93  7:07  Zergling x8  
  97  7:16  Zergling x2  
  97  7:17  Zergling x8  
  101  7:27  Zergling x6  
  83  7:53  Zerg Melee Weapons Level 1  
  83  7:54  Drone, Zerg Ground Armor Level 1  
  83  7:55  Drone x7  
  83  7:56  Drone x4  
  95  8:16  Spire  
  95  8:18  Drone  
  95  8:19  Drone x7  
  102  8:25  Extractor  
  102  8:26  Extractor  
  100  8:43  Zergling x4  
  100  8:44  Zergling x4  
  104  8:58  Spore Crawler  
  104  9:01  Drone  
  104  9:09  Overlord  
  104  9:10  Overlord x6, Hatchery  
  104  9:11  Overlord x4  
  103  9:22  Spore Crawler, Queen  
  103  9:23  Spine Crawler  
  103  9:27  Queen x3  
  109  9:34  Zerg Flyer Weapons Level 1  
  109  9:36  Mutalisk x6  
  109  9:37  Mutalisk x2  
  125  9:41  Zergling x8  
  125  9:42  Zergling x12  
  129  10:03  Pneumatized Carapace  
  124  10:26  Spawning Pool  
  123  10:29  Drone x4  
  123  10:30  Drone  
  128  10:36  Spawning Pool  
  128  10:41  Baneling x3  
  128  10:42  Baneling x3  
  127  10:48  Baneling x4  
  91  11:07  Mutalisk  
  91  11:08  Mutalisk x6  
  91  11:09  Mutalisk  
  107  11:25  Zergling x20  
  112  11:26  Zergling x2  
  112  11:28  Zerg Flyer Armor Level 1  
  98  11:42  Zergling x4  
  98  11:43  Zergling x12  
  98  11:44  Baneling x3  
  98  11:46  Baneling x3  
  98  11:47  Baneling, Zergling x2  
  76  11:48  Zergling x8  
  76  11:52  Zergling x2  
  76  11:53  Zergling x12  
  76  11:54  Zergling x10  
  89  11:55  Zergling x4  
  89  11:57  Queen  
  89  11:58  Queen x3  
  89  11:59  Zergling x2  
  104  12:06  Baneling  
  104  12:07  Baneling x6  
  104  12:08  Baneling x2  
  93  12:14  Zergling x18  
  86  12:31  Zergling x16  
  86  12:33  Queen, Zergling x2  
  97  12:41  Baneling x6  
  97  12:42  Baneling x3  
  97  12:43  Hatchery, Baneling x4  
  92  12:58  Zergling x2  
  92  12:59  Zergling x18  
  92  13:00  Baneling x6  
  92  13:01  Baneling  
  98  13:11  Mutalisk x6  
  98  13:12  Mutalisk x2  
  112  13:23  Drone x4  
  116  13:27  Zergling x2  
  117  13:35  Baneling x4  
  117  13:36  Baneling x4  
  117  13:39  Zergling x10  
  122  13:46  Mutalisk x2  
  126  13:54  Drone x3  
  126  13:55  Drone x3  
  132  14:00  Overlord x2  
  132  14:07  Hatchery  
  120  14:23  Zergling x18  
  120  14:24  Zergling x20  
  116  14:34  Zergling x2  
  116  14:35  Zergling x2  
  116  14:37  Baneling x3  
  113  14:53  Zergling x8  
  113  14:54  Zergling x12  
  113  14:55  Zergling x6  
  113  14:56  Baneling x2  
  113  14:57  Baneling x7  
  113  14:58  Baneling x2  
  126  15:05  Drone  
  126  15:06  Drone x4  
  131  15:07  Mutalisk x4  
  131  15:22  Mutalisk x3  
  131  15:23  Mutalisk x7  
  133  15:31  Zergling x4  
  133  15:32  Zergling x12  
  138  15:42  Mutalisk x3  
  141  15:45  Hatchery  
  142  15:56  Baneling x6  
  142  15:57  Baneling x2  
  142  16:00  Drone  
  142  16:01  Drone x3  
  146  16:15  Extractor x2  
  146  16:16  Drone x2  
  146  16:17  Zergling x2, Drone x3  
  146  16:18  Zergling x4  
  152  16:24  Baneling x5  
  152  16:25  Baneling x2, Zergling x2  
  153  16:33  Drone x4  
  153  16:34  Extractor  
  153  16:38  Drone x4  
  153  16:39  Hatchery  
  149  17:04  Zergling x6  
  149  17:05  Zergling x32  
  166  17:14  Mutalisk x2  
  170  17:27  Zergling x6  
  170  17:28  Zergling x4  
  151  17:49  Zergling x2  
  151  17:50  Zergling x26  
  147  17:58  Baneling  
  147  17:59  Baneling x9  
  147  18:03  Zergling x2  
  147  18:04  Zergling x8  
  152  18:11  Extractor  
  151  18:15  Extractor  
  151  18:16  Extractor, Zergling x10  
  149  18:23  Zergling x4  
  149  18:24  Baneling x5  
  149  18:25  Baneling x6  
  151  18:41  Zergling x6  
  151  18:42  Zergling x12  
  151  18:44  Baneling x5  
  151  18:45  Baneling x3  
  151  18:48  Spine Crawler  
  159  18:52  Evolution Chamber  
  159  18:53  Evolution Chamber  
  157  19:05  Zergling x6  
  157  19:06  Zergling x12  
  157  19:07  Zergling x4  
  157  19:09  Baneling x7  
  168  19:15  Baneling x4  
  168  19:17  Baneling x2  
  168  19:18  Baneling x3  
  158  19:27  Zergling x20  
  158  19:28  Zergling x14  
  159  19:32  Zergling x2  
  145  19:39  Mutalisk x5  
  154  19:56  Baneling x4  
  154  19:57  Baneling x7  
  154  19:58  Baneling x5  
Tags
 
Composition
Muta Ling Bane
League
Platinum
Matchup
TvZ
Replay Pack
r1
Spawn Locations
Cross Positions
Add a new tag
Caveats
  • Supply blocks, unpowered buildings, or Contaminate may cause inaccurate times.
  • Supply counts are checked every 10 seconds.